 Dungeon Crawl Stone Soup version 0.20.1-1-g8b1a95d (webtiles) character file.

23 Internecine the Conjurer (level 3, -1/20 HPs)
             Began as a Tengu Conjurer on Sept 22, 2017.
             Slain by Robin
             ... wielding a +0 short sword
              (4 damage)
             ... on level 2 of the Dungeon.
             The game lasted 00:05:53 (867 turns).

Internecine the Conjurer (Tengu Conjurer)            Turns: 867, Time: 00:05:54

Health: -1/20      AC:  5    Str:  8    XL:     3   Next: 0%
Magic:  1/7        EV: 13    Int: 16    God:
Gold:   21         SH:  0    Dex: 14    Spells: 5/6 levels left

rFire    . . .     SeeInvis .   d - +0 dagger
rCold    . . .     Gourm    .   (no shield)
rNeg     . . .     Faith    .   h - +0 robe
rPois    .         Spirit   .   (helmet restricted)
rElec    .         Reflect  .   (no cloak)
rCorr    .         Harm     .   (no gloves)
MR       .....                  (boots unavailable)
Stlth    ++........             (no amulet)
Regen    0.1/turn               n - +3 ring of protection
MPRegen  0.1/turn               (no ring)

@: no status effects
A: beak, talons 3
a: no special abilities


You were on level 2 of the Dungeon.
You were not hungry.

You visited 1 branch of the dungeon, and saw 2 of its levels.

You collected 21 gold pieces.

Inventory:

Hand Weapons
 d - a +0 dagger (weapon)
 j - a +0 spear
Missiles
 k - 52 stones (quivered)
 l - 23 bolts
Armour
 a - a +0 robe
 h - a +0 robe (worn)
 m - a +0 ring mail
Jewellery
 n - a +3 ring of protection (left hand)
Scrolls
 e - 2 scrolls of remove curse {unknown}
 f - a scroll of teleportation {unknown}
 o - a scroll of identify {unknown}
 r - a scroll of random uselessness {unknown}
Potions
 g - a potion of curing {unknown}
 i - a potion of invisibility {unknown}
 p - a potion of agility {unknown}
Books
 b - a book of Conjurations

   Spells                             Type                      Level
   a - Magic Dart                     Conjuration                  1
   b - Searing Ray                    Conjuration                  2
   c - Dazzling Spray                 Conjuration/Hexes            3
   d - Fulminant Prism                Conjuration/Hexes            4
   e - Force Lance                    Conjuration/Translocation    4
   f - Iskenderun's Mystic Blast      Conjuration                  4
Comestibles
 c - a bread ration
 q - 4 fruits


   Skills:
 + Level 0.4 Fighting
 + Level 2.3 Dodging
 + Level 2.2 Stealth
 + Level 2.1 Spellcasting
 + Level 6.0 Conjurations


You had 5 spell levels left.
You knew the following spells:

 Your Spells              Type           Power        Failure   Level  Hunger
a - Magic Dart            Conj           ###.         1%          1    #......


Dungeon Overview and Level Annotations

Branches:
Dungeon (2/15)

Altars:
Xom

Annotations:
D:2 Robin


Innate Abilities, Weirdness & Mutations

You have a beak for a mouth.
You have claws for feet.


Message History

Robin roars a battlecry!
The goblin closely misses you.
You hear a shout!
The goblin hits you with a dagger. The goblin closely misses you.
A hobgoblin comes into view. It is wielding a club.
Robin throws the goblin at you! The goblin hits you but does no damage.
A goblin comes into view. It is wielding a club.
The goblin hits you with a club. The hobgoblin closely misses you.
You barely miss the goblin. Your kick misses the goblin.
Robin hits you but does no damage. The goblin misses you.
The goblin hits you with a club. The hobgoblin hits you with a club.
* * * LOW HITPOINT WARNING * * *
You hit the goblin.
The goblin is heavily wounded.
The goblin closely misses you. The goblin hits you but does no damage.
The goblin closely misses you. The hobgoblin barely misses you.
You hit the goblin.
The goblin is severely wounded.
The goblin barely misses you. Robin hits you with a short sword.
You die...

. . ## . .. .. #. g. ...
...###.#####. ....
............ #######.....
..........#####...........
........)ggg.....<........
.........g@g.....#####.###
###.#...####.##### #..##.#
#... ## #.# ##### #.# ..#
... ###


You could see Robin, a hobgoblin and 3 goblins.

Vanquished Creatures
  2 dart slugs (D:1)
  A ball python (D:1)
  A giant cockroach (D:1)
  3 goblins
  3 hobgoblins
  3 bats (D:1)
  3 frilled lizards
  2 kobolds (D:1)
  A rat (D:1)
19 creatures vanquished.

Notes
Turn   | Place    | Note
-------+----------+-------------------------------------------
     0 | D:1      | Internecine the Tengu Conjurer began the quest for the Orb.
     0 | D:1      | Reached XP level 1. HP: 10/10 MP: 4/4
   488 | D:1      | Reached XP level 2. HP: 15/15 MP: 3/6
   593 | D:1      | Found a shimmering altar of Xom.
   852 | D:2      | Noticed Robin
   860 | D:2      | Reached skill level 6 in Conjurations
   860 | D:2      | Reached XP level 3. HP: 16/20 MP: 0/7
   867 | D:2      | Slain by Robin

Skill      XL: |  1  2 |
---------------+-------+-----
Conjurations   | 6 |  6.0
Fighting       | |  0.4
Dodging        | |  2.3
Stealth        | |  2.2
Spellcasting   | |  2.1

Action                   || total
-------------------------++-------
Melee: Dagger            ||    18
       Kick              ||     2
       Peck              ||     1
 Cast: Magic Dart        ||    35
Armor: Robe              ||     6
Dodge: Dodged            ||    26
